 Dungeon Crawl Stone Soup version 0.28.0-43-g3370ac3207 (webtiles) character file.

Game seed: 7259584753308109488

2933 terff the Covered (level 9, -3/78 HPs)
             Began as a Hill Orc Fighter on Apr 1, 2022.
             Was a Follower of Okawaru.
             Slain by a gnoll
             ... wielding a +0 flail
              (7 damage)
             ... on level 7 of the Dungeon.
             The game lasted 00:14:21 (8812 turns).

terff the Covered (Hill Orc Fighter)                Turns: 8812, Time: 00:14:23

Health: -3/78      AC: 13    Str: 19    XL:     9   Next: 80%
Magic:  9/9        EV:  6    Int:  8    God:    Okawaru [*.....]
Gold:   670        SH:  7    Dex: 14    Spells: 8/8 levels left

rFire   . . .      SeeInvis .   a - +8 trident of the Octopus King {venom, rElec rPois}
rCold   . . .      Faith    .   c - +1 buckler
rNeg    . . .      Spirit   .   h - +0 plate armour
rPois   +          Reflect  .   i - +2 helmet
rElec   +          Harm     .   q - +2 cloak
rCorr   .          Rampage  .   x - +0 pair of gloves
Will    .....                   (no boots)
Stlth   ..........              (no amulet)
HPRegen 0.23/turn               b - ring of poison resistance
MPRegen 0.11/turn               (no ring)

@: corroded
A: no striking features
a: Renounce Religion, Heroism


You were on level 7 of the Dungeon.
You worshipped Okawaru.
Okawaru was aware of your devotion.
You visited 2 branches of the dungeon, and saw 9 of its levels.
You also visited: Ossuary.

You collected 670 gold pieces.

Inventory:

Hand Weapons
 a - the +8 trident of the Octopus King (weapon) {venom, rElec rPois}
   (You found it on level 6 of the Dungeon)

   It poisons the flesh of those it strikes.
   rElec:     It insulates you from electricity.
   rPois:     It protects you from poison.
 f - a +2 whip of pain
Armour
 c - a +1 buckler (worn)
 d - a +0 leather armour of fire resistance
 h - a +0 plate armour (worn)
 i - a +2 helmet (worn)
 q - a +2 cloak (worn)
 x - a +0 pair of gloves (worn)
Magical Staves
 m - a staff of cold
 u - a staff of fire
Jewellery
 b - a ring of poison resistance (left hand)
 p - a ring of fire
 t - a ring of resist corrosion
 A - a ring of ice
Wands
 e - a wand of polymorph (11)
 w - a wand of mindburst (18)
 y - a wand of flame (12)
Scrolls
 l - 2 scrolls of identify
 B - 2 scrolls of blinking
 D - a scroll of fear
Potions
 g - 2 potions of heal wounds
 j - 2 potions of lignification
 k - 2 potions of cancellation
 n - 3 potions of mutation
 o - 2 potions of brilliance
 r - a potion of resistance
 s - 6 potions of curing
 v - 3 potions of haste
 z - a potion of degeneration
 C - a potion of flight {unknown}
 E - 2 potions of invisibility {unknown}


   Skills:
 + Level 6.5 Fighting
 + Level 3.8(8.0) Axes
 + Level 6.5(6.9) Maces & Flails
 + Level 6.3(6.7) Polearms
 + Level 7.8 Armour
 + Level 1.4 Dodging
 + Level 0.4 Stealth
 + Level 6.8 Shields


You had 8 spell levels left.
You didn't know any spells.
Your spell library contained the following spells:

 Spells                   Type           Power      Damage    Failure   Level
 Freeze                   Ice            0%         1d3       100%        1
 Sting                    Tmut/Pois      0%         1d3       100%        1
 Poisonous Vapours        Pois/Air       0%         N/A       100%        2
 Frozen Ramparts          Ice            0%         1d2       100%        3
 Anguish                  Hex/Necr       0%         N/A       100%        4
 Hailstorm                Conj/Ice       0%         3d3       100%        4
 Olgreb's Toxic Radiance  Pois           0%         N/A       100%        4
 Enfeeble                 Hex            0%         N/A       100%        7
 Tukima's Dance           Hex            Unusable   N/A       N/A         3

Dungeon Overview and Level Annotations

Branches:
Dungeon (8/15)             Temple (1/1) D:7         Ossuary (visited)
   Lair: D:8-11

Altars:
Fedhas
Gozag
Kikubaaqudgha
Nemelex Xobeh
Okawaru
Sif Muna
Vehumet
Wu Jian
Xom

Shops:
D:6 *


Message History

You block the gnoll's attack. The gnoll hits you with a +0 spear.
You puncture the gnoll!
The gnoll is almost dead.
The gnoll hits you but does no damage. The acid dragon spits acid at you.
The splash of acid hits you! The acid corrodes you!
The gnoll hits you but does no damage. The gnoll hits you with a +0 flail.
The gnoll sergeant hits you but does no damage.
You kill the gnoll sergeant!
Okawaru accepts your kill.
You block the gnoll's attack. x2; The gnoll hits you with a +0 flail.
You block the gnoll's attack.
The gnoll hits you from afar with a +0 spear.
The gnoll hits you with a +0 flail!
There is a stone staircase leading up here.
You block the acid dragon's attack.
The acid dragon claws you but does no damage.
You block the gnoll's attack.
The gnoll hits you from afar with a +0 spear.
The gnoll hits you with a +0 flail.
* * * LOW HITPOINT WARNING * * *
You climb upwards.
There is a stone staircase leading down here.
You closely miss the acid dragon. You block the acid dragon's attack. x2
You hit the acid dragon.
The acid dragon is lightly wounded.
You block the acid dragon's attack. The acid dragon barely misses you.
The gnoll hits you but does no damage.
You hit the acid dragon.
The acid dragon is lightly wounded.
You block the acid dragon's attack.
The acid dragon claws you but does no damage.
The gnoll hits you but does no damage.
You hit the acid dragon.
The acid dragon is poisoned.
The acid dragon is moderately wounded.
The acid dragon spits acid at you. The splash of acid hits you!
* * * LOW HITPOINT WARNING * * *
The acid corrodes you! The gnoll hits you with a +0 flail!
You die...

#.# ################.#
#................#
#.##############.# #.# #.# ..#
#.# ################.####
................D...#
................@##.#
.............<...g#.#
.#.##.#####.......#.#
.#.##......#......#.#
....#......#...#..#.#
.#####.....#...#.##.# ######
.#.............#.##.# #....#
.#.#.#.######..#.##.# #.##.#
............#..#.##[#####.##.#


You could see an acid dragon (very poisoned, catching breath) and a gnoll.

Vanquished Creatures
  A two-headed ogre (D:8)
  An ugly thing (D:6)
  Eustachio (D:5)
  2 necrophages
  A black bear (D:6)
  An ice beast (D:5)
  An ogre (D:6)
  A centaur (D:7)
  A phantom (D:5)
  Blork the orc (D:6)
  A kobold brigand (D:7)
  A gnoll sergeant (D:8)
  A bullfrog (D:6)
  3 scorpions
  3 hounds
  2 centaur zombies
  3 orc priests
  A bullfrog skeleton (D:5)
  Jessica (D:2)
  An iguana (D:6)
  4 orc wizards
  A killer bee zombie (D:8)
  A hound skeleton (D:4)
  8 mummies (Ossuary)
  A howler monkey skeleton (D:5)
  7 adders
  2 river rats (D:5)
  An adder skeleton (D:4)
  4 worms
  3 dart slugs
  17 orcs
  5 bats
  4 endoplasms
  5 giant cockroaches
  2 gnoll zombies (Ossuary)
  11 hobgoblins
  6 jackals
  6 quokkas
  7 ball pythons
  4 frilled lizards
  9 goblins
  2 hobgoblin zombies (Ossuary)
  14 kobolds
  4 kobold zombies (Ossuary)
  8 rats
164 creatures vanquished.

Notes
Turn   | Place    | Note
-------+----------+-------------------------------------------
     0 | D:1      | terff the Hill Orc Fighter began the quest for the Orb.
     0 | D:1      | Reached XP level 1. HP: 19/19 MP: 1/1
   274 | D:1      | Reached XP level 2. HP: 27/27 MP: 2/2
   716 | D:1      | Found a faded altar of an unknown god.
   754 | D:1      | Reached XP level 3. HP: 32/33 MP: 3/3
  1432 | D:2      | Noticed Jessica
  1441 | D:2      | Killed Jessica
  1442 | D:2      | Reached skill level 4 in Armour
  1442 | D:2      | Reached XP level 4. HP: 40/40 MP: 4/4
  2386 | D:3      | Reached skill level 1 in Maces & Flails
  2386 | D:3      | Reached XP level 5. HP: 28/46 MP: 5/5
  3694 | D:4      | Reached XP level 6. HP: 53/53 MP: 6/6
  4249 | D:5      | Entered Level 5 of the Dungeon
  4264 | D:5      | HP: 2/53 [orc/+0 club (2)]
  4550 | D:5      | Noticed an ice beast
  4564 | D:5      | Killed an ice beast
  4565 | D:5      | Reached skill level 5 in Armour
  4580 | D:5      | Reached XP level 7. HP: 39/60 MP: 7/7
  4889 | D:5      | Reached skill level 5 in Fighting
  4889 | D:5      | Reached skill level 5 in Maces & Flails
  5387 | D:5      | Noticed Eustachio
  5465 | D:5      | Killed Eustachio
  5466 | D:5      | Reached skill level 6 in Armour
  5466 | D:5      | Reached skill level 5 in Shields
  5466 | D:5      | Reached XP level 8. HP: 26/68 MP: 8/8
  6008 | D:6      | Found the +8 trident of the Octopus King {venom, rElec
                  | rPois}
  6184 | D:6      | Noticed a cyan ugly thing
  6201 | D:6      | Killed a cyan ugly thing
  6202 | D:6      | Reached skill level 1 in Polearms
  6401 | D:6      | Found an ancient bone altar of Kikubaaqudgha.
  6694 | D:6      | Reached skill level 1 in Dodging
  6694 | D:6      | Reached XP level 9. HP: 75/75 MP: 9/9
  6715 | D:6      | Reached skill level 7 in Armour
  6747 | D:6      | Noticed Blork the orc
  6754 | D:6      | Killed Blork the orc
  7009 | D:6      | Found Moyhyon's Mayhem Merchandise.
  7430 | D:7      | Found a sand-covered staircase.
  7503 | Ossuary  | Entered an ossuary
  8170 | D:7      | Found a staircase to the Ecumenical Temple.
  8178 | Temple   | Entered the Ecumenical Temple
  8190 | Temple   | Became a worshipper of Warmaster Okawaru
  8475 | D:8      | Noticed a two-headed ogre
  8489 | D:8      | Killed a two-headed ogre
  8489 | D:8      | Reached * piety under Okawaru
  8812 | D:7      | Slain by a gnoll

Illustrated notes

Levels and vault maps discovered:
D:1:      erik_arrival_cave_to_civilisation [erik_arrival_cave_to_hall],
          layout_loops_ring, dilly_ecumenical_altar_fadedgnrine,
          minmay_misc_feat_pillars, minmay_pentomino_r2
D:2:      layout_loops_ring, uniq_jessica
D:3:      layout_basic, serial_curves, eino_curves_04, eino_curves_03
D:4:      layout_cave_pools, kennysheep_small_spiral
D:5:      layout_loops_ring, portal_sewer_entry_e, corexii_leaking_fountain,
          uniq_eustachio
D:6:      layout_loops_corners, mainiacjoe_overflow_boulevard, serial_glass,
          glass_columns_a, glass_columns_b, due_unseen_surprise,
          minmay_strange_pillars, minmay_strange_pillars, minmay_shop_mayhem,
          uniq_blork_the_orc
D:7:      layout_basic, temple_fountains, nicolae_ossuary_entry_false_entrances,
          wad_floor_pattern_2
D:8:      layout_loops_cross, wad_floor_pattern_untrapped
Temple:   compressed_dpeg_circular_temple

Skill      XL: |  1  2  3  4  5  6  7  8  9 |
---------------+----------------------------+-----
Axes           | 3 |  3.8
Fighting       | 4 5 6 |  6.5
Armour         | 4 5 6 7 |  7.8
Maces & Flails | 1 3 4 5 6 |  6.5
Shields        | 4 5 6 |  6.8
Polearms       | 3 6 |  6.3
Dodging        | 1 |  1.4
Stealth        | |  0.4

Action                   |  1- 3 |  4- 6 |  7- 9 || total
-------------------------+-------+-------+-------++-------
Melee: War axe           |    80 |       |       ||    80
       Whip              |    26 |   241 |   226 ||   493
       Trident           |       |       |   123 ||   123
  Use: Scroll            |     1 |     9 |    11 ||    21
       Potion            |     1 |     2 |       ||     3
Armor: Scale mail        |    86 |     8 |       ||    94
       Plate armour      |       |   129 |   358 ||   487
Dodge: Dodged            |    58 |    55 |   110 ||   223
Block: Buckler           |    26 |    65 |   164 ||   255
